 Dungeon Crawl Stone Soup version 0.29.1-1-gd02db6906a (webtiles) character file.

Game seed: 994330223957480414

130 jimonade the Magician (level 5, 0/37 HPs)
             Began as a Gnoll Hedge Wizard on Sept 18, 2022.
             Slain by an iguana (11 damage)
             ... on level 4 of the Dungeon.
             The game lasted 00:06:40 (3527 turns).

jimonade the Magician (Gnoll Hedge Wizard)          Turns: 3527, Time: 00:06:40

Health: 0/37       AC:  3    Str:  9    XL:     5   Next: 13%
Magic:  0/14       EV: 13    Int: 16    God:
Gold:   134        SH:  5    Dex: 11    Spells: 13/18 levels left

rFire   . . .      SeeInvis .   a - +0 dagger
rCold   . . .      Faith    .   (no shield)
rNeg    . . .      Spirit   .   b - +0 robe
rPois   .          Reflect  +   c - +0 hat
rElec   .          Harm     .   (no cloak)
rCorr   .          Rampage  .   (no gloves)
Will    .....                   g - +0 pair of boots
Stlth   ++........              k - amulet of reflection
HPRegen 0.12/turn               (no ring)
MPRegen 0.14/turn               (no ring)

@: very slightly contaminated
A: fangs 1, strong nose, distributed training
a: no special abilities


You were on level 4 of the Dungeon.
You visited 1 branch of the dungeon, and saw 4 of its levels.

You collected 134 gold pieces.

Inventory:

Hand Weapons
 a - a +0 dagger (weapon)
 p - a +0 spear
Missiles
 n - 3 boomerangs
Armour
 b - a +0 robe (worn)
 c - a +0 hat (worn)
 f - a +0 ring mail
 g - a +0 pair of boots (worn)
 h - a +0 leather armour
 q - a +0 chain mail
Jewellery
 k - an amulet of reflection (around neck)
Scrolls
 e - a scroll of enchant weapon {unknown}
 i - a scroll of noise {unknown}
 j - 2 scrolls of teleportation {unknown}
 l - a scroll of poison {unknown}
 m - 2 scrolls of immolation {unknown}
 s - a scroll of identify {unknown}
Potions
 d - a potion of magic
 o - a potion of heal wounds {unknown}
 r - a potion of mutation {unknown}


   Skills:
 + Level 1.4 Fighting
 + Level 1.4 Short Blades
 + Level 1.4 Long Blades
 + Level 1.4 Axes
 + Level 1.4 Maces & Flails
 + Level 1.4 Polearms
 + Level 1.4 Staves
 + Level 1.4 Ranged Weapons
 + Level 1.4 Throwing
 + Level 1.4 Armour
 + Level 4.7 Dodging
 + Level 4.4 Stealth
 + Level 1.4 Shields
 + Level 1.4 Unarmed Combat
 + Level 7.3 Spellcasting
 + Level 2.3 Conjurations
 + Level 1.1 Hexes
 + Level 2.3 Summonings
 + Level 1.1 Necromancy
 + Level 2.3 Translocations
 + Level 1.1 Transmutations
 + Level 1.1 Fire Magic
 + Level 1.1 Ice Magic
 + Level 1.1 Air Magic
 + Level 1.1 Earth Magic
 + Level 1.1 Poison Magic
 + Level 1.6 Invocations
 + Level 1.4 Evocations


You had 13 spell levels left.
You knew the following spells:

 Your Spells              Type           Power      Damage    Failure   Level
a - Magic Dart            Conj           52%        1d5       4%          1
b - Blink                 Tloc           26%        N/A       7%          2
c - Call Imp              Summ           13%        N/A       7%          2

Your spell library contained the following spells:

 Spells                   Type           Power      Damage    Failure   Level
 Beastly Appendage        Tmut           18%        N/A       8%          1
 Slow                     Hex            36%        N/A       8%          1
 Wereblood                Tmut           9%         N/A       12%         2
 Gell's Gravitas          Tloc           13%        N/A       14%         3
 Teleport Other           Tloc           13%        N/A       14%         3
 Conjure Flame            Conj/Fire      11%        6-21      17%         3
 Mephitic Cloud           Conj/Pois/Air  10%        N/A       19%         3
 Frozen Ramparts          Ice            18%        1d3       22%         3
 Ignite Poison            Fire/Tmut/Pois 9%         N/A       22%         3
 Spider Form              Tmut/Pois      9%         N/A       22%         3
 Summon Ice Beast         Ice/Summ       11%        N/A       50%         4
 Ice Form                 Ice/Tmut       9%         N/A       58%         4
 Freezing Cloud           Conj/Ice/Air   5%         6-21      87%         5
 Dispersal                Tloc           6%         N/A       100%        6


Dungeon Overview and Level Annotations

Branches:
Dungeon (4/15)
 Temple: D:4-7

Altars:
Fedhas
The Shining One

Annotations:
D:3 Grinder


Innate Abilities, Weirdness & Mutations

You have very sharp teeth.
Your uncanny sense of smell can sniff out nearby items.
Your experience applies equally to all skills.


Message History

Press: ? - help, Q - select action, (/) - cycle Shift-Dir - straight line, f/p - iguana
Aim: an iguana (lightly wounded, ally target, 100% to hit)
The magic dart hits the iguana but does no damage.
The iguana is lightly wounded.
The iguana bites you.
* * * LOW HITPOINT WARNING * * *
Your crimson imp barely misses the iguana.
Aiming: Magic Dart (safe; 4% risk of failure)
Press: ? - help, Q - select action, (/) - cycle Shift-Dir - straight line, f/p - iguana
Aim: an iguana (lightly wounded, ally target, 100% to hit)
The magic dart hits the iguana.
The iguana is lightly wounded.
You block the iguana's attack.
Your crimson imp hits the iguana but does no damage.
Aiming: Magic Dart (safe; 4% risk of failure)
Press: ? - help, Q - select action, (/) - cycle Shift-Dir - straight line, f/p - iguana
Aim: an iguana (lightly wounded, ally target, 100% to hit)
The magic dart hits the iguana but does no damage.
The iguana is lightly wounded.
Your crimson imp hits the iguana but does no damage.
The iguana bites you.
* * * LOW HITPOINT WARNING * * *
Aiming: Magic Dart (safe; 4% risk of failure)
Press: ? - help, Q - select action, (/) - cycle Shift-Dir - straight line, f/p - iguana
Aim: an iguana (lightly wounded, ally target, 100% to hit)
You miscast Magic Dart.
Nothing appears to happen.
Your crimson imp completely misses the iguana.
The iguana closely misses you.
Casting: Magic Dart (safe; 4% risk of failure)
Confirm with . or Enter, or press ? or * to list all spells.
You don't have enough magic to cast this spell.
Unknown command.
Unknown command.
Aiming: Magic Dart (safe; 4% risk of failure)
Press: ? - help, Q - select action, (/) - cycle Shift-Dir - straight line, f/p - iguana
Aim: an iguana (lightly wounded, ally target, 100% to hit)
The magic dart hits the iguana.
The iguana is moderately wounded.
The iguana bites you!
You die...

##+##
##...##
##.....##
#.!.<...##
#.........#
+.....5l@.+
#.........#
##.......##
##.....##
##...##
##+##


You could see an iguana (ally target) and a friendly crimson imp (summoned).

Vanquished Creatures
  A jelly (D:3)
  2 adders (D:3)
  2 worms (D:2)
  A dart slug (D:1)
  An orc (D:3)
  8 bats
  7 endoplasms
  3 giant cockroaches
  6 goblins
  6 hobgoblins
  2 jackals (D:3)
  10 kobolds
  4 quokkas
  3 ball pythons
  5 frilled lizards
  5 rats
66 creatures vanquished.

Notes
Turn   | Place    | Note
-------+----------+-------------------------------------------
     0 | D:1      | jimonade the Gnoll Hedge Wizard began the quest for the
                  | Orb.
     0 | D:1      | Reached XP level 1. HP: 13/13 MP: 8/8
   221 | D:1      | Reached XP level 2. HP: 19/19 MP: 3/10
   662 | D:1      | Reached XP level 3. HP: 25/25 MP: 5/11
   805 | D:1      | You fall into a shaft and drop 1 floor!
  1046 | D:2      | Reached skill level 1 in Invocations
  1355 | D:2      | Reached skill level 1 in Fighting
  1355 | D:2      | Reached skill level 1 in Short Blades
  1355 | D:2      | Reached skill level 1 in Long Blades
  1355 | D:2      | Reached skill level 1 in Axes
  1355 | D:2      | Reached skill level 1 in Maces & Flails
  1355 | D:2      | Reached skill level 1 in Polearms
  1355 | D:2      | Reached skill level 1 in Staves
  1355 | D:2      | Reached skill level 1 in Ranged Weapons
  1355 | D:2      | Reached skill level 1 in Throwing
  1355 | D:2      | Reached skill level 1 in Armour
  1355 | D:2      | Reached skill level 1 in Shields
  1355 | D:2      | Reached skill level 1 in Unarmed Combat
  1355 | D:2      | Reached skill level 1 in Evocations
  1706 | D:2      | Found a glowing golden altar of the Shining One.
  1733 | D:2      | Learned a level 2 spell: Blink
  1736 | D:2      | Learned a level 2 spell: Call Imp
  2172 | D:2      | Reached XP level 4. HP: 32/32 MP: 1/13
  2316 | D:3      | Found a blossoming altar of Fedhas.
  2587 | D:3      | Reached skill level 1 in Hexes
  2587 | D:3      | Reached skill level 1 in Necromancy
  2587 | D:3      | Reached skill level 1 in Transmutations
  2587 | D:3      | Reached skill level 1 in Fire Magic
  2587 | D:3      | Reached skill level 1 in Ice Magic
  2587 | D:3      | Reached skill level 1 in Air Magic
  2587 | D:3      | Reached skill level 1 in Earth Magic
  2587 | D:3      | Reached skill level 1 in Poison Magic
  2773 | D:3      | Noticed a necrophage
  3298 | D:3      | Reached XP level 5. HP: 35/37 MP: 9/14
  3442 | D:3      | Noticed Grinder
  3463 | D:3      | Paralysed by Grinder for 4 turns
  3470 | D:3      | Paralysed by Grinder for 3 turns
  3476 | D:3      | Paralysed by Grinder for 3 turns
  3527 | D:4      | Slain by an iguana

Illustrated notes

Levels and vault maps discovered:
D:1:      dpeg_arrival_orchard, layout_loops_ring
D:2:      layout_basic, basic_altar, corexii_corridor_pit
D:3:      layout_basic, fedhas_ov_isle_minmay, uniq_grinder
D:4:      minmay_opposing_rooms, layout_loops_corners, temple_hall,
          nicolae_ossuary_entry_ruins

Skill      XL: |  1  2  3  4 |
---------------+-------------+-----
Conjurations   | 2 |  2.3
Summonings     | 2 |  2.3
Translocations | 2 |  2.3
Invocations    | 1 |  1.6
Fighting       | 1 |  1.4
Short Blades   | 1 |  1.4
Long Blades    | 1 |  1.4
Axes           | 1 |  1.4
Maces & Flails | 1 |  1.4
Polearms       | 1 |  1.4
Staves         | 1 |  1.4
Ranged Weapons | 1 |  1.4
Throwing       | 1 |  1.4
Armour         | 1 |  1.4
Shields        | 1 |  1.4
Unarmed Combat | 1 |  1.4
Evocations     | 1 |  1.4
Hexes          | 1 |  1.1
Necromancy     | 1 |  1.1
Transmutations | 1 |  1.1
Fire Magic     | 1 |  1.1
Ice Magic      | 1 |  1.1
Air Magic      | 1 |  1.1
Earth Magic    | 1 |  1.1
Poison Magic   | 1 |  1.1
Dodging        | |  4.7
Stealth        | |  4.4
Spellcasting   | |  7.3

Action                   |  1- 3 |  4- 6 || total
-------------------------+-------+-------++-------
Melee: Dagger            |     4 |       ||     4
       Bite              |     1 |       ||     1
 Cast: Magic Dart        |   123 |    62 ||   185
       Blink             |       |     6 ||     6
       Call Imp          |       |     5 ||     5
Armor: Robe              |     7 |     5 ||    12
Dodge: Dodged            |    16 |    20 ||    36
Block: Other             |       |     5 ||     5
       Reflection        |       |     2 ||     2
